 Dungeon Crawl Stone Soup version 0.19.5 (webtiles) character file.

2774 hippity the Thaumaturge (level 9, -15/49 HPs)
             Began as a Deep Elf Ice Elementalist on Mar 19, 2017.
             Was a Follower of Kikubaaqudgha.
             Demolished by an ettin
             ... wielding a +0 great mace
              (17 damage)
             ... on level 1 of the Orcish Mines.
             The game lasted 00:42:20 (4170 turns).

hippity the Thaumaturge (Deep Elf Ice Elementalist) Turns: 4170, Time: 00:42:25

Health: -15/49     AC:  5    Str:  9    XL:     9   Next: 42%
Magic:  23/23      EV: 15    Int: 24    God:    Kikubaaqudgha [*.....]
Gold:   617        SH:  0    Dex: 15    Spells: 7 memorised, 5 levels left

rFire  + . .     SeeInvis .     a - +6 halberd of Checks and Balances {chop, rC+ Str+4}
rCold  + + .     Gourm    .     N - +0 robe {rC+ rF+}
rNeg   . . .     Faith    .     (shield currently unavailable)
rPois  .         Spirit   .     h - +0 helmet
rElec  .         Reflect  .     (no cloak)
rCorr  .         Harm     .     m - +0 pair of gloves
MR     .....                    (no boots)
Stlth  ++........               (no amulet)
                                (no ring)
                                E - +1 ring of protection

@: no status effects
A: no striking features
a: Receive Corpses, Renounce Religion


You were on level 1 of the Orcish Mines.
You worshipped Kikubaaqudgha.
Kikubaaqudgha was aware of your devotion.
You were not hungry.

You visited 3 branches of the dungeon, and saw 12 of its levels.
You also visited: Sewer.

You collected 617 gold pieces.

Inventory:

Hand Weapons
 a - the +6 halberd of Checks and Balances (weapon) {chop, rC+ Str+4}
   (You found it on level 4 of the Dungeon)

   It inflicts extra damage upon your enemies.
   It affects your strength (+4).
   It protects you from cold.
 d - a +0 dagger
 e - a +0 whip
 k - a +0 dagger of protection
 w - a +1 shortbow of flaming
 I - a cursed +0 spear
 J - a +2 dagger of venom
Armour
 g - a +0 helmet
 h - a +0 helmet (worn)
 m - a +0 pair of gloves (worn)
 p - a +0 robe
 N - a +0 robe of resistance (worn)
Magical Staves
 D - an uncursed staff of poison
Jewellery
 E - a +1 ring of protection (left hand)
Wands
 y - a wand of disintegration (3/24)
 A - a wand of iceblast (6/15)
 B - a wand of flame (16/48)
 C - a wand of random effects (22/48)
Scrolls
 j - 6 scrolls of identify
 q - a scroll of teleportation
 r - a scroll of blinking
 H - a scroll of amnesia {unknown}
 M - a scroll of enchant armour {unknown}
 P - a scroll of vulnerability {unknown}
Potions
 f - a potion of heal wounds
 i - 5 potions of curing
 o - a potion of ambrosia
 s - 3 potions of flight
 t - 2 potions of invisibility
 u - a potion of agility
 v - 2 potions of degeneration {unknown}
 x - 2 potions of brilliance {unknown}
 z - 2 potions of haste {unknown}
Books
 b - a book of Frost

   Spells                             Type                      Level
   a - Freeze                         Ice                          1
   b - Throw Frost                    Conjuration/Ice              2
   c - Ozocubu's Armour               Charms/Ice                   3
   d - Throw Icicle                   Conjuration/Ice              4
   e - Summon Ice Beast               Ice/Summoning                4
 L - a book of Geomancy

   Spells                             Type                      Level
   a - Sandblast                      Earth                        1
   b - Passwall                       Transmutation/Earth          2
   c - Stone Arrow                    Conjuration/Earth            3
   d - Petrify                        Transmutation/Earth          4
   e - Lee's Rapid Deconstruction     Earth                        5
 O - Kikubaaqudgha's Incunabulum of Sinister Rituals
   (Kikubaaqudgha gifted it to you on level 8 of the Dungeon)

   Spells                             Type                      Level
   a - Animate Skeleton               Necromancy                   1
   b - Corpse Rot                     Necromancy                   2
   c - Sublimation of Blood           Necromancy                   2
   d - Regeneration                   Charms/Necromancy            3
   e - Control Undead                 Necromancy                   4
Comestibles
 c - 5 bread rations
 l - 2 slices of pizza
 n - 3 meat rations
 F - 2 fruits
 G - 2 beef jerkies
 K - 5 chunks of flesh


   Skills:
 + Level 2.9 Fighting
 + Level 2.4 Polearms
 + Level 1.5 Armour
 + Level 5.4 Dodging
 - Level 2.4 Stealth
 * Level 8.2 Spellcasting
 + Level 3.8 Conjurations
 + Level 3.4 Charms
 - Level 5.0 Summonings
 * Level 1.7 Necromancy
 * Level 6.8 Ice Magic
 + Level 2.9 Evocations


You had 5 spell levels left.
You knew the following spells:

 Your Spells              Type           Power        Failure   Level  Hunger
a - Freeze                Ice            ####         1%          1    None
b - Throw Frost           Conj/Ice       #####.       1%          2    None
e - Sublimation of Blood  Necr           ###.......   6%          2    None
i - Summon Ice Beast      Ice/Summ       #####...     8%          4    ##.....
q - Ozocubu's Armour      Chrm/Ice       ####....     2%          3    None
r - Regeneration          Chrm/Necr      ###.......   10%         3    None
t - Throw Icicle          Conj/Ice       #####...     10%         4    ##.....


Dungeon Overview and Level Annotations

Branches:
Dungeon (10/15)            Temple (1/1) D:7             Orc (1/2) D:9
   Lair: D:8-11

Altars:
Ashenzari
Cheibriados
Dithmenos
Elyvilon
Fedhas
Gozag
Hepliaklqana
Kikubaaqudgha
Makhleb
Nemelex Xobeh
Okawaru
Qazlal
Ru
Sif Muna
Trog
Uskayaw
Vehumet
Xom
Yredelemnul
Zin
The Shining One

Shops:
D:7 (

Annotations:
D:2 Robin
D:3 Natasha
D:7 exclusion: ice statue


Message History

Found 33 gold pieces.
Found 23 gold pieces.
You now have 483 gold pieces (gained 18).
You now have 502 gold pieces (gained 19).
You now have 516 gold pieces (gained 14).
You now have 539 gold pieces (gained 23).
Found 31 gold pieces.
You now have 560 gold pieces (gained 21).
You now have 586 gold pieces (gained 26).
You now have 617 gold pieces (gained 31).
An ogre comes into view. It is wielding a giant club.
The ettin appears out of thin air!
An ettin comes into view. It is wielding two great maces.
The ogre shouts!
The ettin shouts in stereo!
The ettin hits you with a great mace!!!
Ouch! That really hurt!
* * * LOW HITPOINT WARNING * * *
The ettin hits you with a great mace!
You die...
Kikubaaqudgha rasps: "You have failed me!
Welcome... death!"

.###.....##..... ....
..#.......#..##. ....
#..... #......## .....
##...###....#### .....
##......#......# #
....#...#.......#..##
#..#.. #......#...##
##..C####.....###....
#O..@.##......###....
......##..#..#.........#
..... #......##.......##
.... ##....####.....##
... ##...# ##...## ..
##### ##.## . ###


You could see an ettin and an ogre.

Vanquished Creatures
  A hippogriff (D:8)
  An orc warrior (D:6)
  A black bear (D:4)
  2 ice beasts
  2 centaurs
  A scorpion (D:5)
  3 wights (D:8)
  2 howler monkeys
  A bullfrog zombie (D:9)
  A hound (D:8)
  2 jellies
  2 bullfrog skeletons
  5 orc priests
  6 orc wizards
  2 adders
  2 river rats (D:4)
  A shadow imp (D:9)
  5 oozes
  8 worms
  A dart slug (D:1)
  A leopard gecko (D:1)
  15 orcs
  2 ball pythons
  10 bats
  12 giant cockroaches
  4 goblins
  3 hobgoblins
  11 jackals
  3 frilled lizards
  8 kobolds
  4 rats
122 creatures vanquished.

Vanquished Creatures (collateral kills)
  Prince Ribbit (D:7)
  A hungry ghost (D:7)
  2 water moccasins
  4 orc warriors
  An ice beast (D:6)
  A sky beast (D:9)
  3 ogres
  A big kobold (D:8)
  2 bullfrogs
  4 killer bees
  2 howler monkeys (D:8)
  A quasit (D:7)
  3 hounds
  An iguana (D:7)
  3 orc wizards
  2 worker ants
  A hound skeleton (D:5)
  A howler monkey zombie (D:7)
  An adder (D:8)
  21 orcs
  3 jackals (D:7)
  2 kobolds (D:8)
61 creatures vanquished.

Vanquished Creatures (others)
  An orc wizard (D:8)
  5 toadstools (D:1)
6 creatures vanquished.

Grand Total: 189 creatures vanquished

Notes
Turn   | Place    | Note
-------+----------+-------------------------------------------
     0 | D:1      | hippity the Deep Elf Ice Elementalist began the quest for the Orb.
     0 | D:1      | Reached XP level 1. HP: 10/10 MP: 6/6
   153 | D:1      | Reached XP level 2. HP: 11/15 MP: 5/8
   268 | D:1      | Learned a level 2 spell: Throw Frost
   469 | D:1      | Reached XP level 3. HP: 20/20 MP: 7/10
   474 | D:1      | Learned a level 3 spell: Ozocubu's Armour
   591 | D:1      | You fall through a shaft!
   666 | D:2      | Noticed Robin
   758 | D:3      | Reached skill level 4 in Spellcasting
   796 | D:3      | Noticed Natasha
   847 | D:3      | Noticed a sky beast
   848 | D:3      | Reached XP level 4. HP: 23/24 MP: 8/12
   874 | D:4      | Found an opulent altar of Gozag.
   931 | D:4      | Got a polished halberd
   934 | D:4      | Identified the +6 halberd of Checks and Balances {chop, rC+ Str+4} (You found it on level 4 of the Dungeon)
   944 | D:4      | Learned a level 4 spell: Summon Ice Beast
  1028 | D:4      | Reached skill level 1 in Fighting
  1146 | D:5      | Entered Level 5 of the Dungeon
  1202 | D:4      | Noticed an ogre
  1235 | D:4      | Reached skill level 1 in Summonings
  1322 | D:4      | Noticed a black bear
  1416 | D:4      | Killed a black bear
  1416 | D:4      | Reached XP level 5. HP: 29/29 MP: 7/14
  1461 | D:4      | Reached XP level 6. HP: 32/34 MP: 6/15
  1562 | D:4      | Found a glowing drain.
  1567 | D:4      | Reached skill level 5 in Spellcasting
  1573 | D:4      | Reached skill level 5 in Ice Magic
  1588 | Sewer    | Entered a sewer
  1997 | Sewer    | Reached skill level 1 in Polearms
  2051 | D:4      | Learned a level 4 spell: Throw Icicle
  2208 | D:6      | Noticed a water moccasin
  2220 | D:6      | Killed a water moccasin
  2257 | D:6      | Noticed an orc warrior
  2264 | D:6      | Noticed an ice beast
  2358 | D:5      | Reached XP level 7. HP: 36/38 MP: 1/17
  2484 | D:5      | Reached skill level 1 in Charms
  2585 | D:6      | Reached skill level 6 in Spellcasting
  2591 | D:6      | Reached skill level 1 in Evocations
  2769 | D:7      | Found Uffusm's Weapon Shop.
  2777 | D:7      | Noticed Prince Ribbit
  2781 | D:7      | Killed Prince Ribbit
  2781 | D:7      | Reached XP level 8. HP: 44/44 MP: 11/19
  2819 | D:7      | Noticed an ice statue
  2897 | D:7      | Reached skill level 5 in Dodging
  2996 | D:6      | You fall through a shaft!
  3019 | D:7      | Reached skill level 7 in Spellcasting
  3029 | D:7      | Found a staircase to the Ecumenical Temple.
  3072 | Temple   | Entered the Ecumenical Temple
  3079 | Temple   | Became a worshipper of Kikubaaqudgha
  3207 | D:8      | Noticed a hornet
  3210 | D:8      | Noticed a hornet
  3215 | D:8      | Noticed a hornet
  3450 | D:8      | Reached skill level 1 in Armour
  3486 | D:8      | Found a glowing silver altar of Zin.
  3630 | D:8      | Reached XP level 9. HP: 49/49 MP: 8/22
  3752 | D:8      | Found an iron altar of Okawaru.
  3813 | D:9      | Noticed a troll
  3835 | D:8      | Reached * piety under Kikubaaqudgha
  3835 | D:8      | Identified Kikubaaqudgha's Incunabulum of Sinister Rituals (Kikubaaqudgha gifted it to you on level 8 of the Dungeon)
  3835 | D:8      | Received a gift from Kikubaaqudgha
  3841 | D:8      | Learned a level 3 spell: Regeneration
  3844 | D:8      | Learned a level 2 spell: Sublimation of Blood
  3876 | D:9      | Reached skill level 5 in Summonings
  3876 | D:9      | Reached skill level 1 in Necromancy
  3998 | D:9      | Found a staircase to the Orcish Mines.
  4071 | D:10     | Entered Level 10 of the Dungeon
  4082 | Orc:1    | Entered Level 1 of the Orcish Mines
  4088 | Orc:1    | Reached skill level 8 in Spellcasting
  4170 | Orc:1    | Noticed an ettin
  4170 | Orc:1    | HP: 2/49 [ettin/great mace (47)]
  4170 | Orc:1    | Demolished by an ettin

Skill      XL: |  1  2  3  4  5  6  7  8  9 |
---------------+----------------------------+-----
Dodging        | 3 4 5 |  5.4
Spellcasting   | 4 5 6 7 8 |  8.2
Ice Magic      | 4 5 6 |  6.8
Fighting       | 1 2 |  2.9
Summonings     | 1 2 3 4 5 |  5.0
Conjurations   | 2 3 |  3.8
Polearms       | 1 2 |  2.4
Charms         | 1 3 |  3.4
Evocations     | 1 2 |  2.9
Armour         | 1 |  1.5
Necromancy     | 1 |  1.7
Stealth        | |  2.4

Action                   |  1- 3 |  4- 6 |  7- 9 || total
-------------------------+-------+-------+-------++-------
Melee: Dagger            |     7 |       |       ||     7
       Halberd           |       |    56 |    99 ||   155
 Cast: Freeze            |    59 |    59 |    11 ||   129
       Ozocubu's Armour  |     2 |     9 |     8 ||    19
       Summon Ice Beast  |       |     7 |    47 ||    54
       Throw Frost       |       |       |     4 ||     4
       Throw Icicle      |       |       |     1 ||     1
       Sublimation of Bl |       |       |    11 ||    11
       Regeneration      |       |       |     3 ||     3
Evoke: Wand              |       |       |     4 ||     4
  Use: Scroll            |     1 |     2 |     4 ||     7
       Potion            |       |     3 |     3 ||     6
 Stab: Sleeping          |     3 |     4 |       ||     7
       Distracted        |       |       |     1 ||     1
  Eat: Chunk             |       |     6 |    12 ||    18
Armor: Robe              |    16 |    39 |    20 ||    75
Dodge: Dodged            |    52 |   114 |    56 ||   222
